 Dungeon Crawl Stone Soup version 0.30.0-18-gc0e69614cb (webtiles) character file.

Game seed: 2849047821554114594

393 ChrisAssaf the Chopper (level 6, -17/53 HPs)
             Began as a Draconian Berserker on May 24, 2023.
             Was a Believer of Trog.
             Demolished by an ogre
             ... wielding a +0 giant spiked club
              (25 damage)
             ... on level 5 of the Dungeon.
             The game lasted 00:06:46 (3101 turns).

ChrisAssaf the Chopper (Draconian Berserker)        Turns: 3101, Time: 00:06:47

Health: -17/53     AC:  6    Str: 19 (20) XL:     6   Next: 51%
Magic:  0/6        EV: 12    Int:  6 (9)  God:    Trog [**....]
Gold:   250        SH:  0    Dex:  8 (10) Spells: 5/5 levels left

rFire   . . .        f - +1 hand axe (flame)
rCold   . . .        (no shield)
rNeg    . . .        (body armour unavailable)
rPois   .            (helmet restricted)
rElec   .            (no cloak)
rCorr   .            (no gloves)
SInv    .            (no boots)
Will    .....        d - amulet of guardian spirit
Stlth   +            (no ring)
HPRegen 0.28/turn    (no ring)
MPRegen 0.10/turn

%: guardian spirit
@: confused
A: AC +6, unfitting armour, cold-blooded
a: Renounce Religion, Berserk, Trog's Hand


You were on level 5 of the Dungeon.
You worshipped Trog.
Trog was pleased with you.
You visited 1 branch of the dungeon, and saw 5 of its levels.

You collected 250 gold pieces.

Inventory:

Hand Weapons
 a - a +0 hand axe
 f - a +1 hand axe of flaming (weapon)
 q - a +0 war axe
Jewellery
 d - an amulet of guardian spirit (around neck)
 h - a +6 ring of intelligence
Wands
 v - a wand of flame (11)
 y - a wand of mindburst (16)
Scrolls
 b - 2 scrolls of vulnerability
 c - a scroll of noise
 j - 2 scrolls of enchant armour
 l - a scroll of fog
 o - 2 scrolls of magic mapping
 p - a scroll of silence
 s - a scroll of blinking {unknown}
 z - a scroll of teleportation {unknown}
Potions
 e - 2 potions of invisibility {unknown}
 g - a potion of degeneration
 i - a potion of magic {unknown}
 k - a potion of berserk rage {unknown}
 m - a potion of flight {unknown}
 n - a potion of lignification {unknown}
 r - a potion of mutation {unknown}
 t - a potion of might {unknown}
 w - a potion of brilliance {unknown}


   Skills:
 * Level 4.7 Fighting
 * Level 5.3 Axes
 * Level 3.9 Dodging
 * Level 1.9 Stealth
 * Level 0.5 Evocations


You had 5 spell levels left.
You didn't know any spells.
Your spell library was empty.

Dungeon Overview and Level Annotations

Branches:
Dungeon (5/15)
 Temple: D:4-7

Altars:
Sif Muna
The Shining One

Shops:
D:3 [


Innate Abilities, Weirdness & Mutations

Your plain brown scales are hard. (AC +6)
You cannot fit into any form of body armour.
You are cold-blooded and may be slowed by cold attacks.


Message History

You barely miss the hound. The hound barely misses you.
The hound closely misses you.
You hit the hound. You burn the hound. You tail-slap the hound.
The hound is heavily wounded.
The hound closely misses you.
You hit the hound. You burn the hound.
The hound is severely wounded.
You hit the ogre. You burn the ogre. The hound bites you but does no damage.
The ogre hits you with a +0 giant spiked club!!
The hound closely misses you.
You closely miss the hound.
Your tail-slap misses the hound.
The hound is severely wounded.
You barely miss the ogre. The hound closely misses you.
The ogre hits you with a +0 giant spiked club!!
* * * LOW HITPOINT WARNING * * *
The hound barely misses you.
You hear some strange, mumbled words.
You are confused.
It was a potion of degeneration.
There was something very wrong with that liquid.
You feel weakened.
You feel dopey.
You feel clumsy.
An orc wizard appears from thin air!
Reactivating autopickup.
An orc wizard appears from thin air!
The hound bites you but does no damage. The orc wizard casts a spell at you.
You are more confused.
The ogre completely misses you.
The orc shouts!
The hound bites you.
* * * LOW HITPOINT WARNING * * *
The orc wizard hits you with a +3 dagger.
* * * LOW HITPOINT WARNING * * *
The hound barely misses you.
You bump into the rock wall.
The hound bites you but does no damage.
The orc wizard hits you but does no damage.
The ogre completely misses you. The hound bites you.
* * * LOW HITPOINT WARNING * * *
You bump into the rock wall.
The hound bites you but does no damage.
The ogre hits you with a +0 giant spiked club!!
You die...

.# #.# # .... .
##.... #####.
...... ......
#####......
......###.@ho##....
..........#Oooo##..
.......###..##...##
.##.............
#.# ####))...##...
#.# ##..#......#.
#.# #..##........
#.# #.###..[....#
#.# ####.#
#.##....#


You could see an ogre, a hound, an orc wizard and 3 orcs.

Vanquished Creatures
  A black bear (D:5)
  A jelly (D:3)
  A hound (D:4)
  A sleepcap (D:4)
  2 iguanas (D:4)
  9 adders
  A shadow imp (D:4)
  A worm (D:3)
  A dart slug (D:3)
  7 orcs
  5 ball pythons
  4 bats
  9 endoplasms
  A giant cockroach (D:1)
  7 goblins
  A hobgoblin (D:4)
  4 jackals (D:4)
  2 quokkas
  2 frilled lizards (D:2)
  5 kobolds
  5 rats
70 creatures vanquished.

Notes
Turn   | Place    | Note
-------+----------+-------------------------------------------
     0 | D:1      | ChrisAssaf the Draconian Berserker began the quest for the
                  | Orb.
     0 | D:1      | Reached XP level 1. HP: 19/19 MP: 1/1
   575 | D:1      | Reached XP level 2. HP: 26/26 MP: 2/2
   796 | D:2      | Found a faded altar of an unknown god.
   900 | D:2      | Reached XP level 3. HP: 33/33 MP: 3/3
  1167 | D:2      | Reached ** piety under Trog
  1565 | D:3      | Reached skill level 1 in Stealth
  1647 | D:3      | Reached XP level 4. HP: 34/40 MP: 2/4
  1751 | D:3      | Noticed an animated pearl dragon scales
  1756 | D:3      | Found Tibist's Armour Shoppe.
  1758 | D:3      | Noticed an animated storm dragon scales
  1943 | D:3      | Found a shimmering blue altar of Sif Muna.
  1943 | D:3      | Found a glowing golden altar of the Shining One.
  1948 | D:3      | Reached skill level 4 in Axes
  2369 | D:4      | Reached XP level 5. HP: 38/46 MP: 5/5
  2435 | D:4      | Reached skill level 5 in Axes
  2570 | D:4      | Reached XP level 6. HP: 20/53 MP: 1/6
  3039 | D:5      | Entered Level 5 of the Dungeon
  3101 | D:5      | Demolished by an ogre

Illustrated notes

Levels and vault maps discovered:
D:1:      nicolae_arrival_somewhat_less_tricky_arrival, layout_loops_cross,
          amcnicky_mini_rare_corridor_liquid
D:2:      layout_loops_ring, ebering_ecumenical_altar_petrified
D:3:      layout_basic, gammafunk_temple_overflow_statue, serial_shops,
          nicolae_shop_mannequins
D:4:      layout_rooms, minmay_fractal_squares_diagonal_5
D:5:      kennysheep_kobold_camp, layout_rooms, temple_doors_ab,
          kennysheep_minor_cross, hangedman_decor_peaks_small,
          minmay_misc_feat_rows, uniq_ijyb, uniq_duvessa

Skill      XL: |  1  2  3  4  5 |
---------------+----------------+-----
Dodging        | 3 |  3.9
Stealth        | 1 |  1.9
Fighting       | 4 |  4.7
Axes           | 4 5 |  5.3
Evocations     | |  0.5

Action                     |  1- 3 |  4- 6 || total
---------------------------+-------+-------++-------
  Melee: Hand axe          |    73 |    84 ||   157
         Tailslap          |     9 |    12 ||    21
 Invoke: Berserk           |       |     3 ||     3
    Use: Scroll            |     3 |     5 ||     8
         Potion            |       |     1 ||     1
   Stab: Sleeping          |     1 |       ||     1
 Armour: Skin              |    33 |    30 ||    63
  Dodge: Dodged            |    37 |    89 ||   126
